AoeStats
← lgdaniel

Arena

508725050Analyzed
3v3 RM · 10d ago on Sep 23, 2026· 53m 47s· 6 players
Game mode
Random Map
Map size
Normal (6 player)
Population
200
Speed
Normal
Resources
Standard
Victory
Conquest
Starting age
Dark Age
Ending age
Imperial Age
RankedLock teamsTeams togetherTeam positionsShared explorationLock speedFull tech treeHidden civsTurbo modeCheats
Victory
Defeat
🇨🇴 Turks · Colombia
1054
+14
🇵🇪 Spanish · Peru
997
+17
🇬🇧 Celts · United Kingdom
981
+17
🇵🇱 Poles · Poland
1036
-17
🇩🇪 Spanish · Germany
1011
-16
🇪🇸 Khmer · Spain
995
-15
La Khukharacha
5:37 Loom
8:57 Feudal Age
9:46 Double-Bit Axe
11:53 Horse Collar
20:58 Castle Age
19:29 Stone Mining
32:01 Imperial Age
30:01 Bow Saw
30:25 Town Watch
30:59 Fletching
32:25 Wheelbarrow
35:16 Hand Cart
37:05 Conscription
37:53 Light Cavalry
38:43 Bloodlines
38:33 Husbandry
43:38 Winged Hussar
44:44 Heavy Plow
48:34 Scale Barding Armor
49:49 Crop Rotation
51:04 Chain Barding Armor
50:55 Forging
kainum
10:20 Feudal Age
14:59 Castle Age
13:45 Double-Bit Axe
14:16 Horse Collar
20:44 Husbandry
22:45 Wheelbarrow
22:54 Heavy Plow
23:51 Bloodlines
23:02 Light Cavalry
26:22 Scale Barding Armor
26:28 Forging
33:36 Imperial Age
31:45 Hand Cart
31:16 Loom
32:47 Chain Barding Armor
33:04 Iron Casting
36:17 Plate Barding Armor
36:58 Heavy Scorpion
37:01 Cavalier
38:45 Blast Furnace
37:36 Fletching
43:48 Conscription
43:42 Double Crossbow
44:49 Chemistry
44:10 Ballistics
51:16 Siege Engineers
51:22 Masonry
51:16 Bodkin Arrow
51:12 Hussar
lgdaniel
10:54 Feudal Age
12:47 Loom
15:41 Castle Age
14:14 Double-Bit Axe
19:01 Horse Collar
19:36 Bow Saw
23:32 Gold Mining
30:36 Heavy Plow
31:17 Wheelbarrow
32:40 Scale Mail Armor
33:09 Hand Cart
33:19 Padded Archer Armor
33:56 Elite Skirmisher
35:04 Thumb Ring
36:02 Leather Archer Armor
36:23 Scale Barding Armor
39:11 Imperial Age
37:16 Ballistics
36:39 Pikeman
43:07 Imperial Age
41:02 Chain Barding Armor
41:16 Forging
41:07 Husbandry
41:19 Bloodlines
42:09 Chain Mail Armor
43:15 Iron Casting
42:01 Light Cavalry
43:09 Town Watch
43:18 Man-at-Arms
45:28 Chemistry
45:00 Ring Archer Armor
45:09 Plate Mail Armor
44:02 Long Swordsman
44:54 Two-Handed Swordsman
46:34 Plate Barding Armor
45:20 Hussar
47:12 Halberdier
47:45 Champion
49:22 Squires
50:46 Gambesons
50:52 Arson
51:28 Block Printing
51:50 Theocracy
54:14 Blast Furnace
53:14 Fletching
HOT WINGS
9:26 Loom
12:48 Feudal Age
17:29 Castle Age
16:01 Double-Bit Axe
19:18 Bow Saw
19:25 Scale Mail Armor
19:36 Gold Mining
19:45 Man-at-Arms
26:20 Fletching
28:07 Bodkin Arrow
28:45 Horse Collar
29:41 Forging
39:16 Heavy Plow
39:54 Gold Shaft Mining
41:39 Iron Casting
41:20 Chain Mail Armor
44:16 Imperial Age
42:24 Wheelbarrow
41:38 Town Watch
42:14 Stone Mining
43:37 Pikeman
44:04 Arson
45:57 Halberdier
48:33 Blast Furnace
48:54 Capped Ram
49:59 Conscription
50:45 Hand Cart
HaakonFloKSven
9:56 Feudal Age
10:39 Double-Bit Axe
10:41 Horse Collar
18:00 Castle Age
16:17 Gold Mining
17:12 Stone Mining
19:28 Bow Saw
19:24 Heavy Plow
20:02 Gold Shaft Mining
20:07 Wheelbarrow
19:44 Padded Archer Armor
20:04 Loom
24:13 Town Watch
25:02 Town Patrol
28:40 Hand Cart
32:34 Imperial Age
30:52 Leather Archer Armor
31:40 Ballistics
33:45 Conscription
33:39 Artillery
35:10 Bombard Tower
36:21 Elite Janissary
38:11 Ring Archer Armor
37:32 Fletching
Santísima TRINIDAD
11:12 Feudal Age
15:16 Castle Age
16:18 Loom
17:21 Fletching
19:23 Double-Bit Axe
33:10 Imperial Age
31:34 Bow Saw
31:05 Pikeman
32:45 Gambesons
35:13 Two-Man Saw
35:55 Capped Ram
37:33 Conscription
41:45 Wheelbarrow
40:39 Siege Ram
41:23 Halberdier
42:03 Squires
42:00 Bodkin Arrow
42:18 Forging
42:08 Scale Mail Armor
43:10 Arson
44:36 Iron Casting
44:17 Chain Mail Armor
44:02 Light Cavalry
44:52 Bloodlines
45:35 Husbandry
45:46 Horse Collar
45:32 Hussar
50:39 Blast Furnace
50:09 Plate Mail Armor
49:47 Cavalier
53:56 Hand Cart
Connection lost

Rejoining the realm…

Still unreachable

The connection could not be restored.

Session expired

The server has moved on; the page needs a fresh start.